 Dungeon Crawl Stone Soup version 0.28.0-49-g6dfe1f597d (webtiles) character file.

Game seed: 4683890148222205826

174 klau3 the Chopper (level 5, 0/72 HPs)
             Began as a Minotaur Berserker on May 15, 2022.
             Was a Priest of Trog.
             Slain by a jelly (1 damage)
             ... in a sewer on May 16, 2022.
             The game lasted 00:06:40 (2526 turns).

klau3 the Chopper (Minotaur Berserker)              Turns: 2526, Time: 00:06:41

Health: 0/72       AC:  1    Str: 24    XL:     5   Next: 28%
Magic:  4/4        EV:  8    Int:  4    God:    Trog [***...]
Gold:   41         SH:  0    Dex:  9    Spells: 4/4 levels left

rFire   . . .      SeeInvis .   a - +0 hand axe
rCold   . . .      Faith    .   (no shield)
rNeg    . . .      Spirit   .   h - +0 chain mail
rPois   .          Reflect  .   (helmet restricted)
rElec   .          Harm     .   (no cloak)
rCorr   .          Rampage  .   (no gloves)
Will    .....                   (no boots)
Stlth   ..........              (no amulet)
HPRegen 0.22/turn               (no ring)
MPRegen 0.09/turn               (no ring)

@: berserking, corroded, quick
A: horns 2, retaliatory headbutt
a: Renounce Religion, Berserk, Trog's Hand


You were in a sewer.
You worshipped Trog.
Trog was most pleased with you.
You visited 1 branch of the dungeon, and saw 3 of its levels.
You also visited: Sewer.

You collected 41 gold pieces.

Inventory:

Hand Weapons
 a - a +0 hand axe (weapon)
Missiles
 i - 15 arrows
Armour
 b - a +0 animal skin
 h - a +0 chain mail (worn)
Wands
 k - a wand of digging (5)
 n - a wand of paralysis (11)
Scrolls
 d - 4 scrolls of identify {unknown}
 g - a scroll of torment {unknown}
 j - a scroll of fear {unknown}
 l - 2 scrolls of noise {unknown}
Potions
 c - a potion of haste {unknown}
 e - a potion of curing {unknown}
 f - a potion of brilliance {unknown}
 m - a potion of berserk rage {unknown}


   Skills:
 + Level 5.0 Fighting
 + Level 5.5 Axes
 + Level 3.7 Armour
 + Level 2.5 Dodging


You had 4 spell levels left.
You didn't know any spells.
Your spell library was empty.

Dungeon Overview and Level Annotations

Branches:
Dungeon (3/15)              Sewer (1/1)

Altars:
Vehumet


Innate Abilities, Weirdness & Mutations

You have a pair of horns on your head.
You reflexively headbutt those who attack you in melee.


Message History

You kill the endoplasm!
Trog accepts your kill.
You hit the endoplasm.
You kill the endoplasm!
Trog accepts your kill.
You enter the shallow water.
Moving in this stuff is going to be slow.
A river rat comes into view.
A river rat is nearby!
You enter the shallow water.
Moving in this stuff is going to be slow.
A jelly comes into view.
Found a sedimented puce potion.
The jelly quivers.
You enter the shallow water.
Moving in this stuff is going to be slow.
Found a gate leading back out of this place.
The river rat barely misses you. The river rat closely misses you.
You hit the river rat.
The river rat is heavily wounded.
You hit the jelly. The acid corrodes you!
Your hands burn!
The jelly hits you. The acid corrodes you!
You are splashed with acid!
The river rat bites you!
You hit the river rat but do no damage.
The river rat is heavily wounded.
You hit the jelly but do no damage.
Your hands burn!
* * * LOW HITPOINT WARNING * * *
The jelly closely misses you. You furiously retaliate!
You headbutt the jelly. The river rat bites you!
* * * LOW HITPOINT WARNING * * *
A red film seems to cover your vision as you go berserk!
You feel yourself moving faster!
You feel mighty! The jelly barely misses you. The river rat bites you.
* * * LOW HITPOINT WARNING * * *
You hit the river rat.
The river rat is almost dead.
You hit the jelly.
Your hands burn!
* * * LOW HITPOINT WARNING * * *
Your unstable footing causes you to fumble your attack.
The jelly hits you.
You die...

...≈.≈÷≈## .##
####.≈÷≈≈# ≈.#
###≈≈.## #..#
##.≈.## ##.≈≈#
#....###..≈#
##.÷≈≈≈.≈.# ###
##.≈†..≈### ..#
##...≈.≈.### ..#
#≈.≈...@.≈# ≈.#
#≈≈≈#.≈≈rJ≈≈#
≈.#
#...##≈≈.##≈≈.#
..#
....##≈≈≈..##≈≈#
†.# ..≈.#...#≈.#
.≈≈# ..# ##≈
##[##.≈# .≈!#
..# # ## .≈.#
...# ### ≈∩ ..#


You could see a jelly and a river rat.

Vanquished Creatures
  Ijyb (D:3)
  4 adders
  2 river rats
  4 worms
  2 dart slugs
  15 endoplasms
  8 giant cockroaches
  6 goblins
  3 hobgoblins (D:2)
  3 quokkas
  7 ball pythons
  4 bats
  6 frilled lizards
  7 kobolds
  8 rats
80 creatures vanquished.

Notes
Turn   | Place    | Note
-------+----------+-------------------------------------------
     0 | D:1      | klau3 the Minotaur Berserker began the quest for the Orb.
     0 | D:1      | Reached XP level 1. HP: 19/19 MP: 0/0
   118 | D:1      | Reached XP level 2. HP: 21/27 MP: 1/1
  1202 | D:2      | Reached XP level 3. HP: 31/33 MP: 2/2
  1211 | D:2      | Reached ** piety under Trog
  1376 | D:2      | Found a faded altar of an unknown god.
  1967 | D:3      | Reached skill level 5 in Axes
  1967 | D:3      | Reached XP level 4. HP: 33/41 MP: 3/3
  1968 | D:3      | Found a radiant altar of Vehumet.
  2035 | D:3      | Noticed Ijyb
  2038 | D:3      | Killed Ijyb
  2149 | D:3      | Found a glowing drain.
  2171 | Sewer    | Entered a sewer
  2242 | Sewer    | Reached XP level 5. HP: 47/47 MP: 4/4
  2269 | Sewer    | Reached skill level 5 in Fighting
  2508 | Sewer    | Reached *** piety under Trog
  2524 | Sewer    | HP: 3/72 [river rat (5)]
  2525 | Sewer    | HP: 1/72 [acid (2)]
  2526 | Sewer    | Slain by a jelly

Illustrated notes

Levels and vault maps discovered:
D:1:      tarquinn_simple_flora_water_e, layout_loops_cross
D:2:      layout_basic, shapermc_ecumenical_altar_venn, minmay_pentomino_o4
D:3:      layout_basic, vehumet_crystals, nicolae_overflow_hidden_temple,
          portal_sewer_entry_b, uniq_ijyb, uniq_natasha, uniq_jessica
Sewer:    sewer_hellmonk_slimy_pipes

Skill      XL: |  1  2  3  4  5 |
---------------+----------------+-----
Fighting       | 4 5 |  5.0
Axes           | 4 5 |  5.5
Armour         | 3 |  3.7
Dodging        | |  2.5

Action                   |  1- 3 |  4- 6 || total
-------------------------+-------+-------++-------
Melee: Hand axe          |    90 |    65 ||   155
       Headbutt          |    11 |     9 ||    20
       Punch             |       |     1 ||     1
Invok: Berserk           |       |     3 ||     3
Armor: Animal skin       |     5 |       ||     5
       Chain mail        |    34 |    52 ||    86
Dodge: Dodged            |    52 |    58 ||   110
